 Dungeon Crawl Stone Soup version 0.28.0 (webtiles) character file.

Game seed: 12666706140344193471

99 AmazingTV the Vandal (level 4, 0/38 HPs)
             Began as a Minotaur Hunter on Mar 20, 2024.
             Slain by a bullfrog (6 damage)
             ... on level 3 of the Dungeon.
             The game lasted 00:06:50 (2287 turns).

AmazingTV the Vandal (Minotaur Hunter)              Turns: 2287, Time: 00:06:51

Health: 0/38       AC:  3    Str: 18    XL:     4   Next: 45%
Magic:  3/3        EV: 12    Int:  8    God:
Gold:   79         SH:  0    Dex: 17    Spells: 3/3 levels left

rFire   + . .      SeeInvis .   b - +2 dagger (venom) {short}
rCold   . . .      Faith    .   (no shield)
rNeg    . . .      Spirit   .   c - +0 leather armour
rPois   .          Reflect  .   (helmet restricted)
rElec   .          Harm     .   (no cloak)
rCorr   .          Rampage  .   (no gloves)
Will    .....                   (no boots)
Stlth   ++........              (no amulet)
HPRegen 0.12/turn               h - +6 ring of dexterity
MPRegen 0.08/turn               l - ring of protection from fire

@: no status effects
A: horns 2, retaliatory headbutt
a: no special abilities


You were on level 3 of the Dungeon.
You visited 1 branch of the dungeon, and saw 3 of its levels.

You collected 79 gold pieces.


Innate Abilities, Weirdness & Mutations

You have a pair of horns on your head.
You reflexively headbutt those who attack you in melee.


   Skills:
 + Level 3.3 Fighting
 + Level 0.0(1.1) Axes
 + Level 2.1 Maces & Flails
 - Level 4.3 Slings
 + Level 2.0 Armour
 - Level 2.1 Dodging
 + Level 1.7 Stealth
 + Level 2.0 Shields


You had 3 spell levels left.
You didn't know any spells.
Your spell library was empty.

Inventory:

Hand Weapons
 a - a +1 hunting sling {sling}
 b - a +2 dagger of venom (weapon) {short}
   (You took it off a goblin on level 2 of the Dungeon)
 j - a +0 short sword {short}
 n - a +0 dagger of venom {short}
   (You took it off a goblin on level 2 of the Dungeon)
Missiles
 d - 22 sling bullets
 e - 48 arrows
 g - 69 stones (quivered)
 m - 13 bolts
Armour
 c - a +0 leather armour (worn)
Jewellery
 h - a +6 ring of dexterity (left hand)
   (You found it on level 1 of the Dungeon)
 l - a ring of protection from fire (right hand)
   (You found it on level 2 of the Dungeon)
Scrolls
 f - a scroll of vulnerability {unknown}
 i - a scroll of enchant weapon {unknown}
 k - a scroll of identify {unknown}
Potions
 o - a potion of curing {unknown}
 p - 2 potions of mutation {unknown}

Dungeon Overview and Level Annotations

Branches:
Dungeon (3/15)

Altars:

#..........#
#.......)..#
#..........#
#..........#
#..........##.#
..........(.(.#
...........#
#####..F# ####
#......@# #..#
...#####.####.##
###..##..##
#.........#
.....##.†.)###
..#####..####
#..# ## ##..#
..# #...###.#


You could see a bullfrog.


Message History

You hit the goblin.
You kill the goblin!
Your Armour skill increases to level 2!
n - a +2 dagger of venom {short} 😕 HP[+1]
There are no items here.
Adjust to which letter? (? for menu, Esc to quit)
b - a +2 dagger of venom {short}
n - a +0 dagger of venom (weapon)
{short} Your +0 dagger of venom {short} stops dripping with poison.
a - a +1 hunting sling (weapon)
{sling} Your +2 dagger of venom {short} begins to drip with poison!
b - a +2 dagger of venom (weapon)
{short} A ball python comes into view. 😎 HP[+2]
Your hp is fully restored (38).
Your +2 dagger of venom {short} stops dripping with poison.
a - a +1 hunting sling (weapon)
{sling} You shoot a sling bullet.
The sling bullet hits the ball python!
You kill the ball python!
No target in view!
Your +2 dagger of venom {short} begins to drip with poison!
b - a +2 dagger of venom (weapon)
{short} Done exploring.
Done exploring.
There is an open door here.
There is a stone staircase leading down here.
You climb downwards.
There is a stone staircase leading up here.
A hobgoblin comes into view.
Your +2 dagger of venom {short} stops dripping with poison.
a - a +1 hunting sling (weapon)
{sling} Your +2 dagger of venom {short} begins to drip with poison!
b - a +2 dagger of venom (weapon)
{short} The hobgoblin shouts!
You hear a shout!
Your +2 dagger of venom {short} stops dripping with poison.
a - a +1 hunting sling (weapon)
{sling} You shoot a sling bullet.
The sling bullet hits the hobgoblin!
You kill the hobgoblin!
A hobgoblin comes into view.
The hobgoblin shouts!
You shoot a sling bullet.
The sling bullet closely misses the hobgoblin.
You shoot a sling bullet.
The sling bullet barely misses the hobgoblin.
A bat comes into view.
The bat moves out of view.
You shoot a sling bullet. The sling bullet hits the hobgoblin!
You kill the hobgoblin!
You shoot a sling bullet. The sling bullet hits the bat!
You kill the bat!
d - 21 sling bullets (gained 1)
d - 22 sling bullets (gained 1)
d - 23 sling bullets (gained 1)
d - 24 sling bullets (gained 1)
o - a metallic purple potion A dart slug comes into view.
You shoot a sling bullet.
The sling bullet hits the dart slug but does no damage.
You shoot a sling bullet. The sling bullet hits the dart slug!
You kill the dart slug!
Your Shields skill increases to level 2!
Found a stone staircase leading up.
p - 2 fuming emerald potions
d - 24 sling bullets (gained 2)
You see here a dart slug corpse.
A bullfrog comes into view.
The bullfrog gives a loud, deep croak!
You shoot a sling bullet. The sling bullet hits the bullfrog.
You shoot a sling bullet. The sling bullet hits the bullfrog!
Your +2 dagger of venom {short} begins to drip with poison!
b - a +2 dagger of venom (weapon)
{short} You closely miss the bullfrog.
The bullfrog hits you. The bullfrog hits you! 😮 HP[-10]
You take 10 damage, and now have 28/38 hp.
MASSIVE DAMAGE!! (PAUSE)
You hit the bullfrog.
The bullfrog closely misses you. 😕 HP[+1]
You hit the bullfrog. The bullfrog hits you.
The bullfrog barely misses you. 😮 HP[-6]
You take 6 damage, and now have 23/38 hp.
You barely miss the bullfrog. The bullfrog hits you. 😮 HP[-3]
You take 3 damage, and now have 20/38 hp.
You hit the bullfrog. The bullfrog hits you.
* * * LOW HITPOINT WARNING * * *
The bullfrog hits you.
* * * LOW HITPOINT WARNING * * *
😨 HP[-5]
You take 5 damage, and now have 15/38 hp.
You barely miss the bullfrog.
You headbutt the bullfrog, but do no damage.
The bullfrog hits you.
* * * LOW HITPOINT WARNING * * *
😨 HP[-4]
You take 4 damage, and now have 11/38 hp.
You closely miss the bullfrog. The bullfrog hits you.
* * * LOW HITPOINT WARNING * * *
The bullfrog hits you.
You die...

Skill      XL: |  1  2  3  4 |
---------------+-------------+-----
Stealth        | 1 |  1.7
Armour         | 1 2 |  2.0
Shields        | 1 2 |  2.0
Maces & Flails | 1 2 |  2.1
Fighting       | 3 |  3.3
Slings         | |  4.3
Dodging        | |  2.1

Action                   |  1- 3 |  4- 6 || total
-------------------------+-------+-------++-------
Melee: Short sword       |    19 |       ||    19
       Dagger            |    18 |    11 ||    29
       Headbutt          |     3 |     1 ||     4
 Fire: Hunting sling     |    38 |    15 ||    53
 Stab: Sleeping          |     1 |       ||     1
Armor: Leather armour    |    20 |       ||    20
Dodge: Dodged            |    27 |     6 ||    33

Levels and vault maps discovered:
D:1:      wander_arrival_lonely_grave, layout_basic,
          hellmonk_ecumenical_altar_pennies_from_heaven
D:2:      layout_basic, minmay_parallelograms, minmay_pentomino_o2
D:3:      layout_rooms, kennysheep_generic_room_2

Notes
Turn   | Place    | Note
-------+----------+-------------------------------------------
     0 | D:1      | AmazingTV the Minotaur Hunter began the quest for the Orb.
     0 | D:1      | Reached XP level 1. HP: 18/18 MP: 0/0
     0 | D:1      | magus.rc [v1.9.6]
    79 | D:1      | Found a faded altar of an unknown god.
   106 | D:1      | Reached skill level 1 in Stealth
   135 | D:1      | Reached XP level 2. HP: 19/25 MP: 1/1
   400 | D:1      | Reached skill level 1 in Armour
   400 | D:1      | Reached skill level 1 in Shields
   478 | D:1      | Reached skill level 1 in Maces & Flails
  1056 | D:2      | Reached XP level 3. HP: 25/30 MP: 2/2
  1463 | D:2      | Reached skill level 3 in Fighting
  1717 | D:2      | Reached XP level 4. HP: 38/38 MP: 3/3
  1821 | D:2      | Reached skill level 2 in Maces & Flails
  2120 | D:2      | Reached skill level 2 in Armour
  2254 | D:3      | Reached skill level 2 in Shields
  2276 | D:3      | Noticed a bullfrog
  2287 | D:3      | HP: 6/38 [bullfrog (5)]
  2287 | D:3      | Slain by a bullfrog

Vanquished Creatures
  6 adders (D:2)
  A dart slug (D:3)
  6 bats
  6 endoplasms
  A giant cockroach (D:1)
  8 goblins
  6 hobgoblins
  A quokka (D:1)
  2 ball pythons (D:2)
  2 frilled lizards
  A kobold (D:1)
  A rat (D:2)
41 creatures vanquished.

Table legend:
 A = Non-vault XP
 B = Vault XP
 C = Vault XP percentage of total XP
 D = Non-vault monster count
 E = Vault monster count
 F = Vault count percentage of total count
                 A         B        C        D         E       F
            +---------+---------+-------+---------+---------+-------
      Total |     129 |      13 |   9.2 |      40 |       1 |   2.4
            +---------+---------+-------+---------+---------+-------
        D:1 |      33 |       0 |   0.0 |      18 |       0 |   0.0
        D:2 |      86 |      13 |  13.1 |      18 |       1 |   5.3
        D:3 |      10 |       0 |   0.0 |       4 |       0 |   0.0
            +---------+---------+-------+---------+---------+-------

Illustrated notes

Table legend:
 A = Kills in this place as a percentage of kills in entire the game.
 B = Kills by you in this place as a percentage of kills by you in the entire game.
 C = Kills by friends in this place as a percentage of kills by friends in the entire game.
 D = Other kills in this place as a percentage of other kills in the entire game.
 E = Experience gained in this place as a percentage of experience gained in the entire game.
 F = Experience gained in this place divided by the number of levels of this place that you have seen.
                   A       B       C       D       E      F
               +-------+-------+-------+-------+-------+----------------------
         Total | 100.0 | 100.0 |   N/A |   N/A | 100.0 |  47.3
       Dungeon | 100.0 | 100.0 |   N/A |   N/A | 100.0 |  47.3
               +-------+-------+-------+-------+-------+----------------------

Table legend: (Time is in decaauts)
 A = Elapsed time spent in this place.
 B = Non-inter-level travel time spent in this place.
 C = Inter-level travel time spent in this place.
 D = Time resting spent in this place.
 E = Time spent auto-exploring this place.
 F = Levels seen in this place.
 G = Mean time per level.
                   A        B        C        D        E       F      G
               +--------+--------+--------+--------+--------+-----+--------+
         Total |   2274 |   2198 |     76 |    273 |   1659 |   3 |  758.0 |
       Dungeon |   2274 |   2198 |     76 |    273 |   1659 |   3 |  758.0 |
               +--------+--------+--------+--------+--------+-----+--------+

Top non-repeatable levels by time:
     D:2: 1214 daAuts
     D:1: 976 daAuts
     D:3: 83 daAuts
